 Dungeon Crawl Stone Soup version 0.21.0-3-g78d12a8 (webtiles) character file.

801 Monsterracer the Chopper (level 7, -1/55 HPs)
             Began as a Demonspawn Abyssal Knight on Jan 14, 2018.
             Was a Priest of Lugonu.
             Slain by Grinder (6 damage)
             ... while paralysed by Grinder
             ... on level 5 of the Dungeon.
             The game lasted 00:08:11 (7245 turns).

Monsterracer the Chopper (DsAK)                     Turns: 7245, Time: 00:08:12

Health: -1/55      AC:  5    Str: 19    XL:     7   Next: 59%
Magic:  9/9        EV:  2    Int: 13    God:    Lugonu [***...]
Gold:   120        SH:  0    Dex: 13    Spells: 6/6 levels left

rFire    . . .     SeeInvis .   a - +1 hand axe
rCold    + . .     Gourm    .   (no shield)
rNeg     . . .     Faith    .   k - +0 ring mail
rPois    .         Spirit   .   (no helmet)
rElec    .         Reflect  +   (no cloak)
rCorr    .         Harm     .   (no gloves)
MR       .....                  (no boots)
Stlth    +.........             t - +2 amulet of reflection
HPRegen  0.18/turn              (no ring)
MPRegen  0.11/turn              (no ring)

@: paralysed, mighty
A: large bone plates 2, cold resistance 1, powered by death 1
a: Depart the Abyss, Bend Space, Banish, Renounce Religion


You were on level 5 of the Dungeon.
You worshipped Lugonu.
Lugonu was most pleased with you.
You were not hungry.

You visited 1 branch of the dungeon, and saw 5 of its levels.
You visited the Abyss 1 time.
You also visited: Sewer.

You collected 120 gold pieces.

Inventory:

Hand Weapons
 a - a +1 hand axe (weapon)
 b - a +0 flail
Armour
 k - a +0 ring mail (worn)
Jewellery
 t - a +2 amulet of reflection (around neck)
Scrolls
 d - 2 scrolls of remove curse
 f - a scroll of teleportation {unknown}
 l - a scroll of magic mapping {!r}
 m - a scroll of identify
 n - 4 scrolls of fear {!r}
Potions
 e - 3 potions of curing
 g - 3 potions of magic
 h - 4 potions of flight
 j - 3 potions of haste
 o - 2 potions of cancellation
 p - a potion of might
 q - 3 potions of heal wounds {unknown}
 r - a potion of brilliance {unknown}
Comestibles
 c - 9 rations


   Skills:
 + Level 4.4 Fighting
 * Level 5.8 Axes
 + Level 3.4 Armour
 + Level 3.0 Dodging
 + Level 3.1 Invocations


You had 6 spell levels left.
You didn't know any spells.

Dungeon Overview and Level Annotations

Branches:
Dungeon (5/15)
 Temple: D:4-7

Altars:
Fedhas

Annotations:
D:2 exclusion: oklob plant
D:5 Grinder


Innate Abilities, Weirdness & Mutations

You are mostly covered in large bone plates. (SH +6)
Your flesh is cold resistant. (rC+)
You regenerate a little health from kills.


Message History

Grinder gestures at you. Pain shoots through your body!
You take 9 damage, and have 46/55 hp.
Grinder gestures at you. Pain shoots through your body!
You take 3 damage, and have 43/55 hp.
You barely miss Grinder. Grinder barely misses you.
You barely miss Grinder. Grinder barely misses you.
You hit Grinder but do no damage. You block Grinder's attack.
You hit Grinder.
Grinder is lightly wounded.
Grinder misses you.
You barely miss Grinder.
Grinder is lightly wounded.
You block Grinder's attack.
You closely miss Grinder.
Grinder is lightly wounded.
Grinder hits you.
You writhe in agony.
You take 5 damage, and have 40/55 hp.
You closely miss Grinder.
Grinder is lightly wounded.
Grinder hits you.
You writhe in agony.
You take 9 damage, and have 31/55 hp.
You hit Grinder.
Grinder is moderately wounded.
Grinder closely misses you.
You closely miss Grinder.
Grinder is moderately wounded.
Grinder hits you but does no damage.
You hit Grinder.
Grinder is moderately wounded.
Grinder closely misses you.
You closely miss Grinder.
Grinder is moderately wounded.
Grinder hits you!
* * * LOW HITPOINT WARNING * * *
You take 6 damage, and have 25/55 hp.
You slash Grinder!
Grinder is heavily wounded.
Grinder gestures at you. You resist with significant effort.
You hit Grinder but do no damage.
Grinder is heavily wounded.
Grinder gestures at you. Pain shoots through your body!
* * * LOW HITPOINT WARNING * * *
You take 1 damage, and have 24/55 hp.
You hit Grinder.
Grinder is severely wounded.
Grinder drinks a potion.
Grinder is healed!
You hit Grinder but do no damage.
Grinder is heavily wounded.
Grinder blinks!
You closely miss Grinder.
Grinder is heavily wounded.
Grinder gestures at you. You resist with significant effort.
You hit Grinder but do no damage.
Grinder is heavily wounded.
Grinder gestures at you. You resist with significant effort.
You hit Grinder but do no damage.
Grinder is heavily wounded.
Grinder hits you but does no damage.
Unknown command.
You hit Grinder.
Grinder is heavily wounded.
Grinder hits you.
* * * LOW HITPOINT WARNING * * *
You writhe in agony.
* * * LOW HITPOINT WARNING * * *
You take 8 damage, and have 17/55 hp.
You hit Grinder.
Grinder is heavily wounded.
You block Grinder's attack.
You closely miss Grinder.
Grinder is heavily wounded.
Grinder gestures at you. Pain shoots through your body!
* * * LOW HITPOINT WARNING * * *
You slash Grinder!
Grinder is severely wounded.
Grinder hits you!
* * * LOW HITPOINT WARNING * * *
You writhe in agony.
* * * LOW HITPOINT WARNING * * *
You take 14 damage, and have 4/55 hp.
MASSIVE DAMAGE!!
You feel better. Grinder misses you.
You regained 6 hp, and now have 10/55 hp.
You feel very mighty all of a sudden. Grinder gestures at you.
Pain shoots through your body!
* * * LOW HITPOINT WARNING * * *
You take 6 damage, and have 4/55 hp.
You hit Grinder.
Grinder is almost dead.
Grinder gestures at you.
You suddenly lose the ability to move!
Grinder hits you.
You die...

#......# #.####.# #.#
##.## #.# #....
##.###..#. #########
##...##..#. #.......#
#.....#..#. #.#####.####
##.......#.
#.###..5@..######.###.##.
#.#.<...##............##.
#.#.#.#.#########.######.
#.......# #'# #.
###.###.# #.ยง.# ##
#.....# #.....# #
#####.## #.......# #
##...####.........###
#.......+.........+..


You could see Grinder.

Vanquished Creatures
  Edmund (D:5)
  An ogre (D:4)
  2 big kobolds (Sewer)
  A howler monkey (D:4)
  A crimson imp (D:5)
  A hound (D:4)
  A bullfrog skeleton (D:4)
  An orc wizard (D:4)
  2 worker ants (D:4)
  11 adders
  3 gnolls (D:4)
  3 river rats (Sewer)
  An ooze (D:3)
  2 adder skeletons (D:4)
  4 worms
  A dart slug (D:3)
  3 leopard geckos
  8 orcs (D:4)
  5 bats
  5 giant cockroaches
  4 goblins
  9 hobgoblins
  6 jackals (D:3)
  12 kobolds
  A ball python (Sewer)
  5 frilled lizards
  A jackal zombie (D:5)
  9 rats
104 creatures vanquished.

Notes
Turn   | Place    | Note
-------+----------+-------------------------------------------
     0 | Abyss:1  | Monsterracer the Demonspawn Abyssal Knight began the quest for the Orb.
     0 | Abyss:1  | Reached XP level 1. HP: 18/18 MP: 2/2
    50 | Abyss:1  | Found a corrupted altar of Lugonu.
    62 | D:1      | Escaped the Abyss
    72 | D:1      | Reached skill level 2 in Axes
   317 | D:1      | Gained mutation: Your flesh is cold resistant. (rC+) [demonic ancestry]
   317 | D:1      | Reached XP level 2. HP: 18/24 MP: 3/3
  1225 | D:2      | Reached skill level 3 in Axes
  1225 | D:2      | Gained mutation: You regenerate a little health from kills. [demonic ancestry]
  1225 | D:2      | Reached XP level 3. HP: 18/29 MP: 4/4
  1232 | D:2      | HP: 14/29 [poisoned by an adder]
  1239 | D:2      | HP: 13/29 [poisoned by an adder]
  1247 | D:2      | HP: 12/29 [poisoned by an adder]
  1560 | D:2      | Reached ** piety under Lugonu
  1589 | D:2      | HP: 14/29 [poisoned by an adder]
  1594 | D:2      | HP: 9/29 [poisoned by an adder]
  1600 | D:2      | HP: 8/29 [poisoned by an adder]
  1608 | D:2      | HP: 7/29 [poisoned by an adder]
  2058 | D:2      | HP: 12/29 [adder (3)]
  2213 | D:2      | Reached skill level 4 in Axes
  2213 | D:2      | Reached XP level 4. HP: 32/35 MP: 5/5
  2404 | D:2      | Found a blossoming altar of Fedhas.
  2423 | D:2      | Noticed an oklob plant
  2530 | D:2      | Reached skill level 1 in Dodging
  3111 | D:3      | HP: 17/35 [poisoned by an adder]
  3114 | D:3      | HP: 8/35 [adder (3)]
  3120 | D:3      | HP: 13/35 [poisoned by an adder]
  3126 | D:3      | HP: 12/35 [poisoned by an adder]
  3134 | D:3      | HP: 13/35 [poisoned by an adder]
  3213 | D:3      | Found a glowing drain.
  3223 | D:3      | HP: 17/35 [poisoned by an adder]
  3228 | D:3      | HP: 13/35 [poisoned by an adder]
  3236 | D:3      | HP: 14/35 [poisoned by an adder]
  3425 | Sewer    | Entered a sewer
  3431 | Sewer    | HP: 17/35 [adder (2)]
  3447 | Sewer    | Reached XP level 5. HP: 20/41 MP: 6/6
  3642 | Sewer    | HP: 20/41 [worm (10)]
  4230 | Sewer    | Gained mutation: You are partially covered in large bone plates. (SH +4) [demonic ancestry]
  4230 | Sewer    | Reached XP level 6. HP: 28/48 MP: 7/7
  4867 | D:3      | Reached *** piety under Lugonu
  5209 | D:4      | HP: 5/48 [ogre/giant club (23)]
  5214 | D:4      | Reached skill level 5 in Axes
  5505 | D:5      | Entered Level 5 of the Dungeon
  5579 | D:5      | Noticed a sky beast
  5804 | D:4      | Gained mutation: You are mostly covered in large bone plates. (SH +6) [demonic ancestry]
  5804 | D:4      | Reached XP level 7. HP: 54/54 MP: 8/8
  6896 | D:5      | Noticed Edmund
  6917 | D:5      | Killed Edmund
  7078 | D:5      | Noticed Grinder
  7228 | D:5      | HP: 25/55 [Grinder (7)]
  7238 | D:5      | HP: 20/55 [Grinder (5)]
  7241 | D:5      | HP: 8/55 [Grinder (8)]
  7244 | D:5      | Paralysed by Grinder for 2 turns
  7245 | D:5      | Slain by Grinder

Skill      XL: |  1  2  3  4  5  6  7 |
---------------+----------------------+-----
Axes           | 2 3 4 5 |  5.8
Dodging        | 1 2 3 |  3.0
Armour         | 2 3 |  3.4
Fighting       | 4 |  4.4
Invocations    | 3 |  3.1

Action                   |  1- 3 |  4- 6 |  7- 9 || total
-------------------------+-------+-------+-------++-------
Melee: Hand axe          |   115 |   300 |   145 ||   560
  Use: Potion            |     1 |     3 |     4 ||     8
       Scroll            |       |     8 |     1 ||     9
  Eat: Ration            |     1 |     1 |       ||     2
       Chunk             |       |     9 |     5 ||    14
Armor: Leather armour    |     5 |       |       ||     5
       Ring mail         |    28 |    91 |    22 ||   141
Dodge: Dodged            |    74 |   154 |    45 ||   273
Block: Other             |       |    11 |    41 ||    52

Vault maps used:
D:1:      noname_arrival_rooms_in_the_neighbourhood
D:2:      first_ration, tgw_fedhas
D:3:      gup_sewer_entry_glass
D:5:      minmay_temple_entry_large_hall, uniq_grinder, uniq_edmund,
          uniq_prince_ribbit1
Sewer:    sewer_co_15_rooms
